 Dungeon Crawl Stone Soup version 0.18.1-48-g4cf74bf (webtiles) character file.

392921 nikopol the Executioner (level 22, -14/206 HPs)
             Began as a Minotaur Berserker on Aug 15, 2016.
             Was the Champion of Trog.
             Blown up by an ancient lich (47 damage)
             ... with a wavering orb of destruction
             ... on level 4 of the Vaults on Aug 16, 2016.
             The game lasted 03:54:01 (59401 turns).

nikopol the Executioner (Minotaur Berserker)       Turns: 59401, Time: 03:54:02

Health: -14/206    AC: 21    Str: 25    XL:     22   Next: 13%
Magic:  31/31      EV: 25    Int:  9    God:    Trog [******]
Gold:   2574       SH:  4    Dex: 18    Spells: 0 memorised, 21 levels left

rFire  + + +     SeeInvis .     a - +9 battleaxe of the Gloaming {chop, MR+}
rCold  + . .     Gourm    .     Y - +1 ring mail "Jiwa" {rF+++ rN+ rCorr Str-5}
rNeg   + . .     Faith    .     (shield currently unavailable)
rPois  .         Spirit   .     o - +3 hat of Pondering {ponderous, MR+ MP+10 Int+5}
rElec  +         Dismiss  .     Q - +2 cloak {MR+}
rCorr  +         Reflect  +     l - +1 pair of gloves
SustAt .         Harm     .     S - +0 pair of boots
MR     ++++.                    D - +4 amulet of reflection
Stlth  +.........               g - ring "Gaaq" {Ice rElec Str+4 Dex+2 Slay+2}
                                H - ring of protection from fire

@: exhausted, slowed, drained, very slow, incredibly resistant to hostile
enchantments, very unstealthy
A: retaliatory headbutt, horns 2, regeneration 1
a: Berserk, Trog's Hand, Brothers in Arms, Burn Spellbooks, Renounce Religion
}: 2/15 runes: serpentine, barnacled


You were on level 4 of the Vaults.
You worshipped Trog.
Trog was exalted by your worship.
You were hungry.

You visited 7 branches of the dungeon, and saw 40 of its levels.
You visited 1 bazaar.
You also visited: Labyrinth and Ice Cave.

You collected 4619 gold pieces.
You spent 2045 gold pieces at shops.

Inventory:

Hand Weapons
 a - the +9 battleaxe of the Gloaming (weapon) {chop, MR+}
   (Trog gifted it to you on level 1 of the Orcish Mines)

   It inflicts extra damage upon your enemies.
   It affects your resistance to hostile enchantments.
 u - the +1 shortbow "Sarcophage" {flame, rF++ MR+ Int-4 SInv}
   (You found it on level 8 of the Lair of Beasts)

   It causes projectiles fired from it to burn those they strike, causing extra
   injury to most foes and up to half again as much damage against particularly
   susceptible opponents.
   It affects your intelligence (-4).
   It greatly protects you from fire.
   It affects your resistance to hostile enchantments.
   It lets you see invisible.
 z - a +9 longbow of velocity
Missiles
 m - 1056 arrows (quivered)
Armour
 l - a +1 pair of gloves (worn)
 o - the +3 hat of Pondering (worn) {ponderous, MR+ MP+10 Int+5}
   (You found it in an ice cave)

   It affects your intelligence (+5).
   It affects your resistance to hostile enchantments.
   It affects your magic capacity (+10).
 J - a +2 plate armour of cold resistance
 Q - a +2 cloak of magic resistance (worn)
 S - a +0 pair of boots (worn)
 Y - the +1 ring mail "Jiwa" (worn) {rF+++ rN+ rCorr Str-5}
   (You bought it in a shop on level 3 of the Vaults)

   It affects your strength (-5).
   It renders you almost immune to fire.
   It protects you from negative energy.
   It protects you from acid and corrosion.
 Z - a +4 ring mail of poison resistance
Jewellery
 b - an uncursed ring of resist corrosion
 g - the ring "Gaaq" (right hand) {Ice rElec Str+4 Dex+2 Slay+2}
   (You found it on level 2 of the Shoals)

   [ring of ice]

   It enhances your ice magic, and weakens your fire magic.
   It affects your strength (+4).
   It affects your dexterity (+2).
   It affects your accuracy and damage with ranged weapons and melee attacks
   (+2).
   It makes you vulnerable to fire.
   It protects you from cold.
   It insulates you from electricity.
 h - an uncursed ring of flight
 y - an uncursed ring of sustain attributes
 D - a +4 amulet of reflection (around neck)
 H - a ring of protection from fire (left hand)
 R - the amulet "Byerusiw" {Faith +Blink rC+++ MP+9 Dex-4}
   (You found it on level 3 of the Elven Halls)

   [amulet of faith]

   It allows you to gain divine favour quickly.
   It affects your dexterity (-4).
   It renders you almost immune to cold.
   It affects your magic capacity (+9).
   It lets you blink.
 V - an uncursed ring of positive energy
Wands
 r - a wand of iceblast (9/15)
 M - a wand of disintegration (23/24)
 X - a wand of digging (19/24)
Scrolls
 d - 10 scrolls of teleportation
 e - 5 scrolls of recharging
 f - 7 scrolls of fog
 j - 2 scrolls of enchant weapon
 s - 4 scrolls of identify
 w - 2 scrolls of remove curse
 E - a scroll of magic mapping
 F - a scroll of summoning
 G - a scroll of enchant armour
 P - 9 scrolls of fear
 U - 3 scrolls of blinking
Potions
 k - 16 potions of curing
 n - a potion of berserk rage
 p - 5 potions of agility
 q - 4 potions of resistance
 v - 2 potions of invisibility
 x - 5 potions of flight
 A - 2 potions of ambrosia
 C - 7 potions of heal wounds
 I - 5 potions of haste
 K - 3 potions of magic
 L - 3 potions of cure mutation
 N - 4 potions of might
 T - a potion of cancellation
 W - 2 potions of brilliance
Comestibles
 c - 16 bread rations
 i - 16 meat rations
 t - 2 beef jerkies
 B - 4 slices of pizza
 O - 20 fruits


   Skills:
 + Level 19.5(19.1) Fighting
 + Level 22.0(21.5) Axes
 + Level 21.1(20.7) Bows
 + Level 19.4(19.0) Armour
 + Level 18.0(17.6) Dodging


You had 21 spell levels left.
You didn't know any spells.

Dungeon Overview and Level Annotations

Branches:
Dungeon (15/15)            Temple (0/1) D:6            Lair (8/8) D:8
 Shoals (4/4) Lair:5        Snake (4/4) Lair:4        Slime (0/6) Lair:6
    Orc (2/2) D:10            Elf (3/3) Orc:2        Vaults (4/5) D:13
  Crypt (0/3) Vaults:3     Depths (0/5) D:15

Altars:
Cheibriados
Dithmenos
Fedhas
Okawaru
Pakellas
Qazlal
Sif Muna
Vehumet
Xom
Yredelemnul
Zin
The Shining One
Beogh

Shops:
D:7 }   D:15 }   Orc:2 [*(:   Shoals:4 (   Snake:3 !   Vaults:3 [*

Annotations:
D:4 1 runed door


Innate Abilities, Weirdness & Mutations

You reflexively headbutt those who attack you in melee.
You have a pair of horns on your head.
Your natural rate of healing is unusually fast.


Message History

You partially resist.
You feel drained.
The ancient lich touches you but does no damage.
You slash the ancient lich!
You headbutt the ancient lich, but do no damage.
The ancient lich is lightly damaged.
The ancient lich touches you!
* * * LOW HITPOINT WARNING * * *
You partially resist.
You feel drained.
You slash the ancient lich!
You headbutt the ancient lich, but do no damage.
The ancient lich is moderately damaged.
The ancient lich casts a spell at you. You resist with almost no effort.
The ancient lich misses you. You furiously retaliate!
You headbutt the ancient lich, but do no damage.
You slash the ancient lich! Your headbutt misses the ancient lich.
The ancient lich is moderately damaged.
The ancient lich conjures an orb of pure magic.
The wavering orb of destruction weakly hits you!
You die...

#)....# #.....# ##### #.....#
#...# .
###################...# .. #
#...........##...# .D.
#...........##...# ....
######...........##...# .....
.....#...........##...#L.....
.....#..........@#)...'......
.....'...........L).(('......
.....##############...#....p.
.....# #...#...... ######
#...# ..... .######## #...#
..... .#......# #...# ....
.#......# #...# ....
.#......# #####


You could see an ancient lich.

Vanquished Creatures
  Mara (Snake:4)
  Frederick (Vaults:3)
  Saint Roka (Snake:3)
  The ghost of Ferkelamun the Tortoise, an adept FoFi of Makhleb (Vaults:4)
  Jorgrun (Snake:3)
  The ghost of PeterLawrence the Slayer, an adept MiFi of Okawaru (Shoals:3)
  2 deep elf master archers (Elf:3)
  A titan (Vaults:4)
  2 deep elf blademasters (Elf:3)
  A kraken (Shoals:4)
  2 sphinxes
  Polyphemus (Shoals:3)
  Kirke (D:14)
  Agnes (Snake:3)
  Ilsuiw (Shoals:3)
  A fire giant (Vaults:3)
  11 greater nagas
  Aizul (Snake:1)
  10 vault wardens
  3 deep elf sorcerers (Elf:3)
  2 frost giants
  Louise (Shoals:4)
  3 orc warlords
  Maud (Lair:5)
  5 deep elf elementalists (Elf:3)
  8 ironheart preservers
  5 very ugly things
  6 stone giants
  5 deep elf demonologists (Elf:3)
  The ghost of Mellonil the Thaumaturge, a journeyman GrEE of Vehumet (Lair:8)
  A salamander stormcaller (Vaults:3)
  Azrael (Elf:2)
  2 ettins
  A crystal guardian (Vaults:3)
  5 fire dragons
  A jiangshi (Vaults:3)
  6 merfolk javelineers
  A deep elf death mage (Vaults:3)
  7 yaktaur captains
  A minotaur (Lab)
  11 merfolk impalers
  14 vault guards
  3 deep elf high priests
  An ice dragon (Vaults:4)
  3 great orbs of eyes
  16 naga warriors
  2 rakshasas
  6 hydras
  A catoblepas (Shoals:3)
  Fannar (D:11)
  3 merfolk avatars
  A death knight (D:15)
  3 anacondas
  An alligator snapping turtle (Shoals:2)
  6 centaur warriors
  4 tengu warriors (D:15)
  5 ogre magi
  2 satyrs (Shoals:3)
  6 merfolk aquamancers
  29 dancing weapons
  16 death yaks
  3 orc high priests
  9 shock serpents
  15 naga sharpshooters
  Urug (D:11)
  Nergalle (D:10)
  A salamander mystic (Snake:3)
  24 deep elf knights
  A fire crab (shapeshifter) (Vaults:1)
  2 giant orange brains
  11 skeletal warriors
  A flayed ghost (Vaults:4)
  3 unseen horrors
  3 deep trolls (Vaults:2)
  13 sea snakes
  An unseen horror (shapeshifter) (Vaults:2)
  6 ironbrand convokers
  7 naga ritualists
  15 deep elf archers
  16 orc knights
  5 hill giants
  12 harpies
  2 wolf spiders (Vaults:4)
  Pikel (D:7)
  A hornet (Vaults:2)
  8 mana vipers
  71 deep elf magi
  4 oklob plants
  6 orc sorcerers
  34 ugly things
  8 manticores
  21 griffons
  9 salamanders
  7 cyclopes
  14 fauns
  An ice statue (IceCv)
  An octopode (shapeshifter) (Vaults:2)
  9 sirens
  24 naga magi
  9 vault sentinels
  5 water nymphs
  5 guardian serpents
  Joseph (D:8)
  11 elephants
  31 black mambas
  A black mamba (shapeshifter) (Vaults:3)
  3 gargoyles
  18 spiny frogs
  Psyche (D:12)
  A yaktaur (shapeshifter) (Vaults:1)
  3 kobold demonologists (D:14)
  3 rime drakes
  An efreet (D:15)
  A komodo dragon (shapeshifter) (Vaults:3)
  5 freezing wraiths
  8 komodo dragons
  35 yaktaurs
  7 trolls
  43 merfolk
  2 polar bears (shapeshifter)
  A two-headed ogre (shapeshifter) (Vaults:3)
  2 giant leeches (Lair:8)
  A queen bee (D:10)
  Prince Ribbit (D:8)
  4 two-headed ogres
  16 polar bears
  17 blink frogs
  5 wind drakes
  4 boulder beetles
  11 snapping turtles
  14 slime creatures
  Grinder (D:6)
  A shadow (D:15)
  A redback (Vaults:1)
  A vampire (D:13)
  14 water elementals
  2 air elementals
  Sigmund (D:6)
  2 wyverns
  4 hogs
  A human (shapeshifter) (Vaults:2)
  5 wraiths
  71 yaks
  A human (D:7)
  5 basilisks
  6 fire elementals
  A steam dragon (Lair:4)
  22 vampire mosquitoes
  11 hippogriffs
  3 mottled dragons
  54 nagas
  5 wargs
  A soldier ant (D:12)
  16 water moccasins
  2 hell hounds (Elf:2)
  18 porcupines
  4 sky beasts
  2 eyes of draining
  5 phantoms
  4 black bears
  74 orc warriors
  7 ice beasts
  An eye of draining (shapeshifter) (D:15)
  30 ogres
  29 wolves
  9 centaurs
  8 crocodiles
  8 big kobolds
  30 giant frogs
  3 earth elementals
  A wyvern skeleton (D:9)
  3 scorpions
  19 killer bees
  32 wights
  7 electric eels
  2 howler monkeys
  A lava snake (Snake:4)
  4 crimson imps
  4 centaur zombies
  A giant frog zombie (D:5)
  9 jellies
  A quasit (D:12)
  6 hounds
  3 giant frog skeletons
  11 centaur skeletons
  23 orc priests
  5 gnoll shamans (D:8)
  Terence (D:2)
  29 orc wizards
  7 iguanas
  7 hell rats (Lair:5)
  10 worker ants
  14 sheep
  A killer bee zombie (D:10)
  3 hound zombies
  A worker ant zombie (D:10)
  28 gnolls
  11 adders
  62 river rats
  2 shadow imps
  8 oozes (Lair:2)
  4 adder skeletons
  A dart slug (D:2)
  9 giant geckos
  87 orcs
  2 ball pythons
  A bat (D:1)
  5 giant cockroaches
  2 gnoll zombies (D:6)
  11 goblins
  9 hobgoblins
  8 jackals
  11 quokkas
  3 giant newts
  36 kobolds
  5 rats
  5 bushes
  8 fungi
  23 plants
  3 tentacles (Shoals:4)
1894 creatures vanquished.

Vanquished Creatures (collateral kills)
  A greater naga (Snake:4)
  A merfolk impaler (Shoals:4)
  A merfolk avatar (Shoals:4)
  A salamander mystic (Snake:4)
  2 naga magi (Snake:4)
  A merfolk (Shoals:3)
  A naga (Snake:4)
8 creatures vanquished.

Vanquished Creatures (others)
  2 deep elf archers (Elf:3)
  An orc knight (Orc:2)
  A guardian serpent (Snake:4)
  A vault sentinel (Vaults:3)
  3 yaktaurs
  A polar bear (IceCv)
  A vampire mosquito (Vaults:3)
  A slave (D:7)
  An orc warrior (Vaults:3)
  A sky beast (D:9)
  An ogre (D:9)
  A giant frog (D:9)
  A crimson imp (D:9)
  2 orc priests
  A hound (D:7)
  2 orc wizards
  2 orcs
  42 fungi
  32 plants
  5 tentacles (Shoals:4)
  59 tentacle segments (Shoals:4)
161 creatures vanquished.

Grand Total: 2063 creatures vanquished

Notes
Turn   | Place    | Note
--------------------------------------------------------------
     0 | D:1      | nikopol the Minotaur Berserker began the quest for the Orb.
     0 | D:1      | Reached XP level 1. HP: 19/19 MP: 0/0
   239 | D:1      | Reached XP level 2. HP: 27/27 MP: 1/1
   344 | D:1      | Reached skill level 4 in Axes
   767 | D:1      | Reached ** piety under Trog
   897 | D:2      | Reached XP level 3. HP: 33/33 MP: 2/2
   975 | D:2      | Found a shadowy altar of Dithmenos.
  1030 | D:2      | Noticed Terence
  1035 | D:2      | Killed Terence
  1100 | D:2      | Reached XP level 4. HP: 33/40 MP: 3/3
  1907 | D:3      | Found a snail-covered altar of Cheibriados.
  2195 | D:3      | Reached XP level 5. HP: 47/47 MP: 4/4
  2344 | D:3      | Found an oddly glowing altar of Pakellas.
  2439 | D:3      | Reached *** piety under Trog
  2527 | D:4      | Found a glowing golden altar of the Shining One.
  2565 | D:4      | Reached skill level 5 in Axes
  2592 | D:4      | Found a runed door.
  2592 | D:4      | Noticed an angel
  2714 | D:4      | Found a deep blue altar of Sif Muna.
  2720 | D:4      | Reached XP level 6. HP: 55/55 MP: 5/5
  2818 | D:4      | Reached skill level 5 in Fighting
  2929 | D:4      | Reached skill level 5 in Armour
  2969 | D:5      | Entered Level 5 of the Dungeon
  3048 | D:5      | Reached XP level 7. HP: 31/61 MP: 6/6
  3465 | D:5      | Reached skill level 6 in Axes
  3465 | D:5      | Reached skill level 1 in Bows
  4004 | D:6      | Found a staircase to the Ecumenical Temple.
  4446 | D:6      | Reached skill level 5 in Dodging
  4462 | D:6      | Reached XP level 8. HP: 66/70 MP: 7/7
  4503 | D:6      | Reached skill level 7 in Axes
  4660 | D:6      | Noticed Grinder
  4681 | D:6      | Killed Grinder
  5034 | D:6      | Reached **** piety under Trog
  5229 | D:6      | Found an iron altar of Okawaru.
  5268 | D:6      | Noticed Sigmund
  5279 | D:6      | Killed Sigmund
  5279 | D:6      | Reached skill level 8 in Axes
  5287 | D:6      | Found a basalt altar of Yredelemnul.
  5322 | D:6      | Reached skill level 5 in Bows
  5459 | D:6      | Reached XP level 9. HP: 57/78 MP: 8/8
  5502 | D:6      | Found a glowing silver altar of Zin.
  5809 | D:7      | Reached skill level 9 in Axes
  6192 | D:7      | Found Leakli's Quality Used Wands.
  6298 | D:7      | Noticed Pikel
  6316 | D:7      | Killed Pikel
  6897 | D:8      | Noticed Joseph
  6921 | D:8      | Killed Joseph
  6921 | D:8      | Reached XP level 10. HP: 59/88 MP: 9/9
  6928 | D:8      | Found a stormy altar of Qazlal.
  7086 | D:8      | Reached skill level 10 in Axes
  7216 | D:8      | Received a gift from Trog
  7300 | D:8      | Noticed Prince Ribbit
  7306 | D:8      | Killed Prince Ribbit
  7468 | D:8      | Found a staircase to the Lair.
  7896 | D:8      | Reached ***** piety under Trog
  8501 | Lair:1   | Entered Level 1 of the Lair of Beasts
  8636 | Lair:1   | Reached skill level 11 in Axes
  8649 | Lair:1   | Found a labyrinth entrance.
  8658 | Lab      | Entered a labyrinth
 10033 | Lab      | Noticed a minotaur
 10043 | Lab      | Killed a minotaur
 10105 | Lair:1   | Noticed a spiny frog
 10115 | Lair:1   | Killed a spiny frog
 10509 | Lair:1   | Reached XP level 11. HP: 90/95 MP: 10/10
 10520 | Lair:1   | Received a gift from Trog
 12686 | Lair:3   | Reached skill level 12 in Axes
 13105 | Lair:3   | Reached skill level 10 in Bows
 13486 | Lair:4   | Received a gift from Trog
 14063 | Lair:4   | Found a staircase to the Snake Pit.
 15170 | Lair:5   | Found a frozen archway.
 15180 | IceCv    | Entered an ice cave
 15717 | IceCv    | HP: 3/99 [something] (17)]
 17647 | IceCv    | Reached XP level 12. HP: 105/106 MP: 11/11
 17664 | IceCv    | Reached skill level 10 in Fighting
 17818 | IceCv    | Reached skill level 13 in Axes
 17825 | IceCv    | Reached skill level 10 in Armour
 18176 | IceCv    | Received a gift from Trog
 18255 | IceCv    | Noticed a frost giant
 18277 | IceCv    | Killed a frost giant
 18760 | Lair:5   | Gained mutation: Your natural rate of healing is unusually fast. [potion of beneficial mutation]
 18864 | Lair:5   | Received a gift from Trog
 18864 | Lair:5   | Reached skill level 14 in Axes
 18883 | Lair:5   | Noticed Maud
 18895 | Lair:5   | Killed Maud
 19342 | Lair:5   | Found a staircase to the Shoals.
 19586 | Lair:5   | Reached XP level 13. HP: 93/115 MP: 12/12
 20186 | Lair:6   | Found a staircase to the Slime Pits.
 20578 | Lair:6   | Received a gift from Trog
 20851 | Lair:6   | Reached skill level 15 in Axes
 21125 | Lair:7   | Reached skill level 10 in Dodging
 21134 | Lair:7   | Received a gift from Trog
 22383 | Lair:8   | Entered Level 8 of the Lair of Beasts
 22559 | Lair:8   | Reached XP level 14. HP: 126/126 MP: 13/13
 22607 | Lair:8   | Received a gift from Trog
 23361 | Lair:8   | Reached skill level 16 in Axes
 23450 | Lair:8   | Noticed Mellonil's ghost (journeyman GrEE)
 23466 | Lair:8   | Killed Mellonil's ghost
 23945 | Lair:8   | Got a steaming shortbow
 23946 | Lair:8   | Identified the +1 shortbow "Sarcophage" {flame, rF++ MR+ Int-4 SInv} (You found it on level 8 of the Lair of Beasts)
 23965 | Lair:8   | Got a twisted rapier
 23966 | Lair:8   | Identified the +2 rapier of Sunlight {freeze, Dex+2} (You found it on level 8 of the Lair of Beasts)
 24894 | D:9      | Received a gift from Trog
 24910 | D:9      | Found a shimmering altar of Xom.
 25467 | D:10     | Entered Level 10 of the Dungeon
 25694 | D:10     | Noticed Nergalle
 25706 | D:10     | Killed Nergalle
 25774 | D:10     | Received a gift from Trog
 25782 | D:10     | Got a transparent battleaxe {god gift}
 25799 | D:10     | Identified the +1 battleaxe "Gudeuc" {antimagic, rElec rF- Int+2 Dex+2} (Trog gifted it to you on level 10 of the Dungeon)
 25884 | D:10     | Found a staircase to the Orcish Mines.
 26568 | D:11     | Noticed Fannar
 26583 | D:11     | Killed Fannar
 26678 | D:11     | Noticed Urug
 26698 | D:11     | Killed Urug
 27248 | D:11     | Received a gift from Trog
 27848 | D:12     | Reached ****** piety under Trog
 27917 | D:12     | Reached XP level 15. HP: 131/134 MP: 8/14
 27920 | D:12     | Reached skill level 17 in Axes
 28062 | D:12     | Noticed Psyche
 28066 | D:12     | Killed Psyche
 28760 | D:13     | Received a gift from Trog
 28992 | D:13     | Found a gate to the Vaults.
 29407 | Orc:1    | Entered Level 1 of the Orcish Mines
 29538 | Orc:1    | Received a gift from Trog
 29548 | Orc:1    | Got a pitted battleaxe {god gift}
 29550 | Orc:1    | Identified the +9 battleaxe of the Gloaming {chop, MR+} (Trog gifted it to you on level 1 of the Orcish Mines)
 29735 | Orc:1    | Noticed an orc warlord
 29753 | Orc:1    | Killed an orc warlord
 30051 | Orc:1    | Reached skill level 15 in Bows
 30283 | Orc:1    | Found a roughly hewn altar of Beogh.
 30309 | Orc:1    | Received a gift from Trog
 30588 | Orc:2    | Entered Level 2 of the Orcish Mines
 30635 | Orc:2    | Found Owkeuhag's Book Shoppe.
 30639 | Orc:2    | Found Fonyduv's Antique Weapon Boutique.
 30639 | Orc:2    | Noticed an orc warlord
 30836 | Orc:2    | Killed an orc warlord
 31099 | Orc:2    | Found Waxiuzxi's General Store.
 31485 | Orc:2    | Found Amamele's Antique Armour Boutique.
 31517 | Orc:2    | Found a staircase to the Elven Halls.
 32083 | D:14     | Received a gift from Trog
 32099 | D:14     | Reached skill level 18 in Axes
 32139 | D:14     | Received a gift from Trog
 32440 | D:14     | Noticed Kirke
 32449 | D:14     | Killed Kirke
 33162 | D:15     | Entered Level 15 of the Dungeon
 33252 | D:15     | Reached XP level 16. HP: 123/145 MP: 15/15
 33338 | D:15     | Found a staircase to the Depths.
 33473 | D:15     | Received a gift from Trog
 33787 | D:15     | Found Erchie's Gadget Boutique.
 34158 | D:15     | Received a gift from Trog
 34597 | Snake:1  | Entered Level 1 of the Snake Pit
 34876 | Snake:1  | Found a blossoming altar of Fedhas.
 34891 | Snake:1  | Reached skill level 19 in Axes
 34943 | Snake:1  | Noticed Aizul
 34954 | Snake:1  | Killed Aizul
 35682 | Snake:2  | Received a gift from Trog
 36109 | Snake:2  | Found a shadowy altar of Dithmenos.
 36431 | Snake:3  | Noticed Saint Roka
 36477 | Snake:2  | Received a gift from Trog
 36751 | Snake:3  | Killed Saint Roka
 36850 | Snake:3  | Found Numuk's Distillery.
 36976 | Snake:3  | Reached XP level 17. HP: 141/154 MP: 16/16
 37036 | Snake:3  | Noticed Agnes
 37044 | Snake:3  | Killed Agnes
 37304 | Snake:3  | Noticed Jorgrun
 37311 | Snake:3  | Killed Jorgrun
 37758 | Snake:4  | Entered Level 4 of the Snake Pit
 38359 | Snake:4  | Reached skill level 15 in Fighting
 38371 | Snake:4  | Received a gift from Trog
 38596 | Snake:4  | Reached skill level 15 in Armour
 38674 | Snake:4  | Noticed Mara
 38681 | Snake:4  | Noticed nikopol's illusion
 38689 | Snake:4  | Killed Mara
 38689 | Snake:4  | Reached skill level 20 in Axes
 39432 | Snake:4  | Received a gift from Trog
 39888 | Snake:4  | Received a gift from Trog
 40329 | Snake:4  | Received a gift from Trog
 40385 | Snake:4  | Reached XP level 18. HP: 137/163 MP: 17/17
 40406 | Snake:4  | Received a gift from Trog
 41578 | Snake:4  | Got a serpentine rune of Zot
 42182 | Elf:1    | Entered Level 1 of the Elven Halls
 42539 | Elf:1    | Received a gift from Trog
 42639 | Elf:1    | Reached skill level 21 in Axes
 43002 | Elf:1    | Received a gift from Trog
 44314 | Elf:2    | Found Kicy's Distillery.
 44339 | Elf:2    | Found a radiant altar of Vehumet.
 44579 | Elf:2    | Found a runed gate.
 44582 | Elf:2    | Found a runed gate.
 44582 | Elf:2    | Found a runed gate.
 44736 | Elf:2    | Noticed Azrael
 44744 | Elf:2    | Killed Azrael
 45766 | Elf:3    | Entered Level 3 of the Elven Halls
 45815 | Elf:3    | Received a gift from Trog
 46075 | Elf:3    | Reached XP level 19. HP: 174/174 MP: 18/18
 46087 | Elf:3    | Reached skill level 15 in Dodging
 46346 | Elf:3    | Received a gift from Trog
 46540 | Elf:3    | Noticed a Brimstone Fiend
 46542 | Elf:3    | Received a gift from Trog
 46845 | Elf:3    | Received a gift from Trog
 47181 | Elf:3    | Got a slimy sapphire amulet
 47224 | Elf:3    | Identified the amulet "Byerusiw" {Faith +Blink rC+++ MP+9 Dex-4} (You found it on level 3 of the Elven Halls)
 47242 | Elf:3    | Got an encrusted ring mail
 47253 | Elf:3    | Identified the cursed +1 ring mail of Vueh {rF+ Dex+3} (You found it on level 3 of the Elven Halls)
 47370 | Elf:3    | Noticed a Brimstone Fiend
 48596 | Shoals:1 | Entered Level 1 of the Shoals
 48906 | Shoals:1 | Received a gift from Trog
 49319 | Shoals:1 | Received a gift from Trog
 49762 | Shoals:2 | Got a transparent iron ring
 49764 | Shoals:2 | Identified the ring "Gaaq" {Ice rElec Str+4 Dex+2 Slay+2} (You found it on level 2 of the Shoals)
 49945 | Shoals:2 | Received a gift from Trog
 50409 | Shoals:3 | Noticed Ilsuiw
 50635 | Shoals:3 | Killed Ilsuiw
 50635 | Shoals:3 | Received a gift from Trog
 50666 | Shoals:3 | Found a shimmering altar of Xom.
 50823 | Shoals:3 | Reached XP level 20. HP: 184/184 MP: 19/19
 50873 | Shoals:3 | Received a gift from Trog
 50902 | Shoals:3 | Noticed PeterLawrence's ghost (adept MiFi)
 50931 | Shoals:3 | Killed PeterLawrence's ghost
 51389 | Shoals:3 | Noticed Polyphemus
 51405 | Shoals:3 | Killed Polyphemus
 51601 | Shoals:4 | Entered Level 4 of the Shoals
 51618 | Shoals:4 | Found Jeckaem's Antique Weapon Emporium.
 51633 | Shoals:4 | Noticed Louise
 51642 | Shoals:4 | Killed Louise
 51887 | Shoals:4 | Received a gift from Trog
 53085 | Shoals:4 | Got a barnacled rune of Zot
 53505 | Vaults:1 | Entered Level 1 of the Vaults
 54209 | Vaults:1 | Received a gift from Trog
 55244 | Vaults:2 | Reached XP level 21. HP: 195/195 MP: 20/20
 55845 | Vaults:2 | Received a gift from Trog
 55855 | Vaults:2 | Got a warped shortbow {god gift}
 55857 | Vaults:2 | Identified the +7 shortbow of Revolt {velocity, +Blink Dex-3 SInv} (Trog gifted it to you on level 2 of the Vaults)
 56226 | Vaults:2 | Received a gift from Trog
 56631 | Vaults:3 | Noticed Frederick
 56642 | Vaults:3 | Killed Frederick
 56702 | Vaults:3 | Found a flickering gateway to a bazaar.
 56719 | Bazaar   | Entered a bazaar
 56874 | Bazaar   | Found Minwitoirph's Antique Weapon Emporium.
 56885 | Bazaar   | Found Serph's Antique Weapon Shoppe.
 56901 | Bazaar   | Found Ingemif's Antique Armour Emporium.
 56906 | Bazaar   | Bought a pitted chain mail for 332 gold pieces
 56912 | Bazaar   | Found Ejiyrairr's Antique Armour Shoppe.
 56917 | Bazaar   | Bought an ancient plate armour for 616 gold pieces
 56940 | Bazaar   | Identified the cursed +0 chain mail of Springtime {Slay+3} (You bought it in a shop in a bazaar)
 56955 | Bazaar   | Identified the +2 plate armour of Sined {*Corrode rC+ MR+++ Int+3} (You bought it in a shop in a bazaar)
 56994 | Bazaar   | Bought a translucent ring mail for 198 gold pieces
 57005 | Bazaar   | Identified the +4 ring mail of the Slorg {*Drain rElec rC+ rCorr} (You bought it in a shop in a bazaar)
 57006 | Bazaar   | Bought a shiny plate armour for 506 gold pieces
 57027 | Vaults:3 | Received a gift from Trog
 57243 | Vaults:3 | Found Padosch's Antique Armour Shop.
 57246 | Vaults:3 | Bought a spiked ring mail for 288 gold pieces
 57260 | Vaults:3 | Identified the +1 ring mail "Jiwa" {rF+++ rN+ rCorr Str-5} (You bought it in a shop on level 3 of the Vaults)
 57481 | Vaults:3 | Found Qoixog's Assorted Antiques.
 57498 | Vaults:3 | Bought a scroll of remove curse for 105 gold pieces
 58125 | Vaults:3 | Found a staircase to the Crypt.
 58300 | Vaults:3 | Received a gift from Trog
 58495 | Vaults:4 | Noticed Ferkelamun's ghost (adept FoFi)
 58510 | Vaults:4 | Killed Ferkelamun's ghost
 59152 | Vaults:4 | Received a gift from Trog
 59298 | Vaults:4 | Reached XP level 22. HP: 204/206 MP: 21/21
 59353 | Vaults:4 | Reached skill level 22 in Axes
 59391 | Vaults:4 | Noticed an ancient lich
 59401 | Vaults:4 | Blown up by an ancient lich

Skill      XL: |  1  2  3  4  5  6  7  8  9 10 11 12 13 14 15 16 17 18 19 20 21 22 |
---------------+-------------------------------------------------------------------+-----
Axes           | 4 5 6 8 9 11 12 14 15 16 18 19 20 21 22 | 22.0
Fighting       | 4 5 6 7 8 9 10 12 13 14 15 16 17 18 19 | 19.5
Armour         | 3 4 5 6 7 8 9 10 11 12 13 14 15 16 17 18 19 | 19.4
Dodging        | 3 4 5 6 7 8 9 10 11 12 13 14 16 17 18 | 18.0
Bows           | 3 5 7 9 10 11 13 14 15 16 17 18 19 21 | 21.1

Action                   |  1- 3 |  4- 6 |  7- 9 | 10-12 | 13-15 | 16-18 | 19-21 | 22-24 || total
-------------------------+-------+-------+-------+-------+-------+-------+-------+-------++-------
Melee: Hand axe          |    70 |   130 |    68 |       |       |       |       |       ||   268
       Headbutt          |     6 |    30 |    45 |   134 |   250 |   118 |   252 |    14 ||   849
       Battleaxe         |       |       |     6 |       |   203 |   598 |   821 |    45 ||  1673
       War axe           |       |       |   108 |   548 |   250 |       |       |       ||   906
       Broad axe         |       |       |       |       |   460 |       |       |       ||   460
       Longbow           |       |       |       |       |       |       |     1 |       ||     1
 Fire: Shortbow          |       |       |   180 |   471 |  1335 |  1305 |   186 |       ||  3477
       Longbow           |       |       |       |       |       |    23 |   892 |     3 ||   918
Invok: Berserk           |     1 |       |     1 |    11 |    13 |     4 |     2 |     1 ||    33
       Trog's Hand       |       |       |       |     3 |     1 |     2 |       |       ||     6
       Burn Spellbooks   |       |       |       |     1 |     2 |     3 |     4 |       ||    10
       Brothers in Arms  |       |       |       |       |       |     2 |     2 |       ||     4
 Abil: Evoke Flight      |       |       |       |       |     1 |       |       |       ||     1
Evoke: Wand              |       |       |       |       |     3 |       |       |       ||     3
  Use: Scroll            |       |       |       |    22 |    14 |     7 |     9 |       ||    52
       Potion            |       |       |       |     3 |       |     1 |     1 |       ||     5
  Eat: Chunk             |     2 |     6 |    13 |    32 |    48 |    31 |    43 |     1 ||   176
       Pizza             |       |       |       |     9 |     1 |     3 |       |       ||    13
       Beef jerky        |       |       |       |     2 |       |     3 |       |       ||     5
       Fruit             |       |       |       |     3 |     4 |     1 |       |       ||     8
       Bread ration      |       |       |       |       |     1 |     1 |       |       ||     2
       Royal jelly       |       |       |       |       |       |       |     1 |       ||     1
Armor: Animal skin       |     7 |       |       |       |       |       |       |       ||     7
       Ring mail         |    13 |       |       |    18 |   197 |   233 |   228 |     4 ||   693
       Scale mail        |     4 |    56 |    98 |    28 |    70 |       |       |       ||   256
       Leather armour    |       |       |       |   123 |       |       |       |       ||   123
       Plate armour      |       |       |       |       |       |       |    47 |       ||    47
Dodge: Dodged            |    41 |    76 |   136 |   477 |   571 |   544 |   727 |    23 ||  2595
Block: Other             |       |       |       |       |   116 |   104 |   135 |     3 ||   358
       Reflection        |       |       |       |       |     8 |    23 |    33 |       ||    64
